 Dungeon Crawl Stone Soup version 0.31-a0-486-g8d68a81214 (webtiles) character file.

Game seed: 9547727399686167889

40 javelincjr the Ducker (level 3, -1/28 HPs)
             Began as a Demonspawn Gladiator on Aug 7, 2023.
             Slain by Crazy Yiuf
             ... wielding a +4 quarterstaff of chaos
              (4 damage)
             ... on level 2 of the Dungeon.
             The game lasted 00:02:37 (1249 turns).

javelincjr the Ducker (Demonspawn Gladiator)        Turns: 1249, Time: 00:02:38

Health: -1/28      AC:  5    Str: 16    XL:     3   Next: 30%
Magic:  3/3        EV: 12    Int:  9    God:
Gold:   54         SH:  0    Dex: 14    Spells: 2/2 levels left

rFire   . . .        a - +0 trident
rCold   . . .        (no shield)
rNeg    . . .        b - +0 leather armour
rPois   .            c - +0 helmet
rElec   .            (no cloak)
rCorr   .            (no gloves)
SInv    .            m - +0 pair of boots
Will    .....        (no amulet)
Stlth   +            (no ring)
HPRegen 0.24/turn    (no ring)
MPRegen 0.08/turn

%: no passive effects
@: no status effects
A: condensation shield
a: no special abilities


You were on level 2 of the Dungeon.
You visited 1 branch of the dungeon, and saw 2 of its levels.

You collected 54 gold pieces.

Inventory:

Hand Weapons
 a - a +0 trident (weapon)
Missiles
 d - 3 throwing nets (quivered)
 e - a javelin
Armour
 b - a +0 leather armour (worn)
 c - a +0 helmet (worn)
 m - a +0 pair of boots (worn)
Scrolls
 f - a scroll of identify {unknown}
 h - a scroll of immolation {unknown}
 n - a scroll of noise {unknown}
 p - a scroll of enchant weapon {unknown}
Potions
 g - a potion of cancellation {unknown}
 i - a potion of magic {unknown}
 j - a potion of haste {unknown}
 k - a potion of degeneration {unknown}
 l - 3 potions of curing {unknown}
 o - a potion of heal wounds {unknown}


   Skills:
 + Level 2.5 Fighting
 + Level 3.0 Polearms
 + Level 2.2 Throwing
 + Level 3.1 Dodging


You had 2 spell levels left.
You didn't know any spells.
Your spell library contained the following spells:

 Spells                   Type           Power      Damage    Failure   Level
 Apportation              Tloc           0%         N/A       45%         1
 Cigotuvi's Dreadful Rot  Necr/Pois/Air  0%         N/A       58%         2
 Lesser Beckoning         Tloc           0%         N/A       58%         2
 Gell's Gravitas          Tloc           0%         N/A       83%         3
 Teleport Other           Tloc           0%         N/A       83%         3
 Dispel Undead            Necr           0%         3d6       99%         4
 Alistair's Intoxication  Tmut/Pois      0%         N/A       100%        5
 Death Channel            Necr           0%         N/A       100%        6
 Dispersal                Tloc           0%         N/A       100%        6


Dungeon Overview and Level Annotations

Branches:
Dungeon (2/15)

Altars:

Annotations:
D:2 Crazy Yiuf


Innate Abilities, Weirdness & Mutations

A meltable shield of frost defends you. (SH +0)


Message History

n - a scroll labelled KYBIUPUMAX You pick up a There-And-Back Book and begin reading...
You add the spell Dispersal to your library.
As you open the gate, it creaks loudly!
There is an open gate here.
Found a stone staircase leading down.
A goblin and a frilled lizard come into view.
The goblin shouts!
The frilled lizard hisses angrily.
The frilled lizard hisses.
No target in view!
No target in view!
No target in view!
You reach to attack!
You closely miss the frilled lizard. You barely miss the frilled lizard.
You block the frilled lizard's attack.
You hit the frilled lizard.
You kill the frilled lizard!
You puncture the goblin!
You kill the goblin!
No target in view!
o - a fuming white potion
Found a hammer.
Found a runed translucent door.
Crazy Yiuf shouts!
Crazy Yiuf says, "Sif Muna mumblescurry rumpyflump!"
Found a faded altar of an unknown god.
There is an open gate here.
p - a scroll labelled WEITOKHYQUO
There is an open gate here.
Crazy Yiuf shouts!
You open the door. You hit Crazy Yiuf.
Crazy Yiuf is lightly wounded.
Crazy Yiuf hits you with a +4 quarterstaff of chaos!
Your condensation shield dissipates!
Crazy Yiuf burns you.
You closely miss Crazy Yiuf.
Crazy Yiuf is lightly wounded.
Crazy Yiuf hits you with a +4 quarterstaff of chaos!
* * * LOW HITPOINT WARNING * * *
Crazy Yiuf freezes you.
You die...

###.#
#....#........
###...#
#......#......
#...###
#......###.###
#.###
######.#......
#.# #..#.#.#P#
##.# #..#......
#..#### ###
#..###.###
#....P## ###..)#
#..#.P.._.
#.....P####@g...#
#..###.###
##......#..##...#
#..#..P...
##..P.#.### ###
#..#.#.#P#
########
#..#......
##.###.###
#..#......
##........
#########


You could see Crazy Yiuf.

Vanquished Creatures
  An adder (D:2)
  3 bats (D:1)
  4 endoplasms
  2 giant cockroaches (D:1)
  4 goblins
  2 hobgoblins
  A quokka (D:1)
  4 ball pythons
  3 frilled lizards
  2 kobolds
  4 rats
30 creatures vanquished.

Notes
Turn   | Place    | Note
-------+----------+-------------------------------------------
     0 | D:1      | javelincjr the Demonspawn Gladiator began the quest for the
                  | Orb.
     0 | D:1      | Reached XP level 1. HP: 16/16 MP: 1/1
   184 | D:1      | Gained mutation: A meltable shield of frost defends you.
                  | (SH +0) [demonic ancestry]
   184 | D:1      | Reached XP level 2. HP: 22/22 MP: 2/2
   703 | D:2      | Reached XP level 3. HP: 28/28 MP: 3/3
  1002 | D:2      | Found a runed translucent door.
  1003 | D:2      | Noticed Crazy Yiuf
  1115 | D:2      | Found a faded altar of an unknown god.
  1249 | D:2      | Slain by Crazy Yiuf

Illustrated notes

Levels and vault maps discovered:
D:1:      erik_arrival_orb_chamber, layout_basic
D:2:      layout_rooms, shapermc_ecumenical_altar_mp_urbaneastern,
          kennysheep_cluttered_room, uniq_crazy_yiuf_cottage

Skill      XL: |  1  2 |
---------------+-------+-----
Throwing       | 2 |  2.2
Polearms       | 3 |  3.0
Dodging        | 3 |  3.1
Fighting       | |  2.5

Action                     || total
---------------------------++-------
  Melee: Trident           ||    83
   Stab: Sleeping          ||     1
 Armour: Leather armour    ||    14
  Dodge: Dodged            ||    39
  Block: Other             ||    11

Table legend: (Time is in decaauts)
 A = Elapsed time spent in this place.
 B = Non-inter-level travel time spent in this place.
 C = Inter-level travel time spent in this place.
 D = Time resting spent in this place.
 E = Time spent auto-exploring this place.
 F = Levels seen in this place.
 G = Mean time per level.
                   A        B        C        D        E       F      G
               +--------+--------+--------+--------+--------+-----+--------+
         Total |   1261 |   1212 |     49 |      0 |    977 |   2 |  630.5 |
       Dungeon |   1261 |   1212 |     49 |      0 |    977 |   2 |  630.5 |
               +--------+--------+--------+--------+--------+-----+--------+

Top non-repeatable levels by time:
     D:2: 649 daAuts
     D:1: 611 daAuts
